 Dungeon Crawl Stone Soup version 0.29-a0-1008-g949cc1d0fb (webtiles) character file.

Game seed: 4931030105498962122

38 Manisian the Insei (level 3, -5/23 HPs)
             Began as an Octopode Transmuter on Aug 7, 2022.
             Slain by a gnoll
             ... wielding a +0 spear
              (8 damage)
             ... on level 2 of the Dungeon.
             The game lasted 00:01:36 (1047 turns).

Manisian the Insei (Octopode Transmuter)            Turns: 1047, Time: 00:01:36

Health: -5/23      AC:  1    Str:  9    XL:     3   Next: 43%
Magic:  3/6        EV: 13    Int: 17    God:
Gold:   18         SH:  0    Dex: 12    Spells: 0/6 levels left

rFire   . . .      SeeInvis .     - Unarmed
rCold   . . .      Faith    .   (no shield)
rNeg    . . .      Spirit   .   (helmet currently unavailable)
rPois   .          Reflect  .   (no amulet)
rElec   .          Harm     .   (no ring)
rCorr   .          Rampage  .   (no ring)
Will    .....                   (no ring)
Stlth   ++........              (no ring)
HPRegen 0.07/turn               (no ring)
MPRegen 0.10/turn               (no ring)
                                (no ring)
                                (no ring)

@: appendages (expiring), wereblooded
A: tentacle spike 3, almost no armour, amphibious, 8 rings, camouflage 1,
gelatinous body 1, (nimble swimmer 1), tentacles
a: End Transformation


You were on level 2 of the Dungeon.
One of your tentacles had grown a beastly spike.
You visited 1 branch of the dungeon, and saw 2 of its levels.

You collected 18 gold pieces.

Inventory:

Scrolls
 b - a scroll of identify
Potions
 a - 2 potions of lignification


   Skills:
 + Level 1.0 Fighting
 + Level 2.2 Dodging
 + Level 0.7 Stealth
 + Level 3.7 Unarmed Combat
 + Level 2.2 Spellcasting
 + Level 2.3 Transmutations


You couldn't memorise any spells.
You knew the following spells:

 Your Spells              Type           Power      Damage    Failure   Level
a - Beastly Appendage     Tmut           18%        N/A       7%          1
b - Wereblood             Tmut           9%         N/A       11%         2
c - Spider Form           Tmut/Pois      5%         N/A       34%         3

Your spell library contained the following spells:

 Spells                   Type           Power      Damage    Failure   Level
 Ice Form                 Ice/Tmut       5%         N/A       75%         4


Dungeon Overview and Level Annotations

Branches:
Dungeon (2/15)

Altars:


Innate Abilities, Weirdness & Mutations

One of your tentacles has grown a beastly spike.
You cannot wear most types of armour.
You are amphibious.
You can wear up to eight rings at the same time.
Your skin changes colour to match your surroundings (Stealth+).
Your rubbery body absorbs attacks. (AC +1, EV +1)
((You are camouflaged when in or above water. (Stealth+)))
You have tentacles for arms and can constrict up to eight enemies at once.


Message History

Your blood is infused with primal strength.
You tentacle-slap the gnoll. Your grab misses the gnoll.
Your tentacle spike misses the gnoll.
The gnoll is moderately wounded.
The gnoll misses you.
You tentacle-slap the gnoll. Your grab misses the gnoll.
You pierce the gnoll.
The gnoll is severely wounded.
The gnoll hits you with a +0 whip.
You tentacle-slap the gnoll but do no damage.
Your grab misses the gnoll.
You squeeze the gnoll, but do no damage.
The gnoll is severely wounded.
The gnoll closely misses you.
Your magical contamination has completely faded away.
You tentacle-slap the gnoll.
You feel a bit better.
You kill the gnoll!
No target in view!
Things that are here:
a +0 whip; a gnoll corpse You howl as the wereblood boils in your veins!
You hear a shout! 2 gnolls come into view.
You howl as the wereblood boils in your veins!
Your transformation is almost over.
The gnoll hits you from afar with a +0 spear.
The gnoll hits you with a +0 spear.
You closely miss the gnoll. You grab the gnoll. You squeeze the gnoll!
The gnoll is severely wounded.
You constrict the gnoll, but do no damage.
The gnoll misses you. The gnoll closely misses you.
You tentacle-slap the gnoll.
The gnoll is severely wounded.
You constrict the gnoll. The gnoll closely misses you.
The gnoll hits you from afar with a +0 spear.
* * * LOW HITPOINT WARNING * * *
You barely miss the gnoll.
The gnoll is almost dead.
You constrict the gnoll. The gnoll completely misses you.
The gnoll hits you with a +0 spear!
You die...

#### #.. #.# #
#######.##### .##
#....)......###.#.
#@#####.###....)..
#g# #.###...#.##
#g# #.##......#
#.# #.........#
#.# ######.####
#....# #.# ####.#
#.# #.# ##'## #.#
##...##


You could see 2 gnolls.

Vanquished Creatures
  A gnoll (D:2)
  2 endoplasms (D:1)
  A giant cockroach (D:1)
  3 goblins (D:1)
  5 hobgoblins (D:1)
  A quokka (D:1)
  3 ball pythons (D:1)
  5 bats (D:1)
  A frilled lizard (D:1)
  3 kobolds
  3 rats
28 creatures vanquished.

Notes
Turn   | Place    | Note
-------+----------+-------------------------------------------
     0 | D:1      | Manisian the Octopode Transmuter began the quest for the
                  | Orb.
     0 | D:1      | Reached XP level 1. HP: 13/13 MP: 3/3
   150 | D:1      | Reached XP level 2. HP: 15/18 MP: 3/5
   439 | D:1      | Learned a level 2 spell: Wereblood
   604 | D:1      | Reached XP level 3. HP: 23/23 MP: 4/6
   608 | D:1      | Learned a level 3 spell: Spider Form
   873 | D:1      | Found a faded altar of an unknown god.
  1047 | D:2      | Slain by a gnoll

Illustrated notes

Levels and vault maps discovered:
D:1:      amcnicky_arrival_wind_blow, layout_loops_ring,
          shapermc_ecumenical_altar_acropolis, minmay_misc_feat_nine_boxes,
          kennysheep_boxes
D:2:      layout_loops_corners

Action                   || total
-------------------------++-------
Melee: Unarmed           ||    57
       Kick              ||    16
       Constrict         ||    12
       Tentacles         ||     9
       Punch             ||     1
 Cast: Beastly Appendage ||    17
       Wereblood         ||     2
  Use: Scroll            ||     3
 Stab: Sleeping          ||     3
Armor: Skin              ||     5
Dodge: Dodged            ||    41

Table legend: (Time is in decaauts)
 A = Elapsed time spent in this place.
 B = Non-inter-level travel time spent in this place.
 C = Inter-level travel time spent in this place.
 D = Time resting spent in this place.
 E = Time spent auto-exploring this place.
 F = Levels seen in this place.
 G = Mean time per level.
                   A        B        C        D        E       F      G
               +--------+--------+--------+--------+--------+-----+--------+
         Total |   1043 |   1025 |     18 |      8 |    785 |   2 |  521.5 |
       Dungeon |   1043 |   1025 |     18 |      8 |    785 |   2 |  521.5 |
               +--------+--------+--------+--------+--------+-----+--------+

Top non-repeatable levels by time:
     D:1: 926 daAuts
     D:2: 117 daAuts
